 Dungeon Crawl Stone Soup version 0.22-a0-362-g535178c (webtiles) character file.

18 4thArraOfDagon the Grave Robber (level 2, -1/11 HPs)
             Began as a Felid Necromancer on Apr 19, 2018.
             Was an Initiate of Cheibriados.
             Slain by a jackal (3 damage)
             ... on level 2 of the Dungeon.
             The game lasted 00:02:33 (516 turns).

4thArraOfDagon the Grave Robber (Felid Necromancer)  Turns: 516, Time: 00:02:33

Health: -1/11      AC:  0    Str:  5    XL:     2   Next: 51%
Magic:  5/6        EV: 15    Int: 17    God:    Cheibriados [......]
Gold:   0          SH:  0    Dex: 17    Spells: 4/5 levels left
                                        Lives:  0   Deaths: 0

rFire    . . .     SeeInvis +   (weapon unavailable)
rCold    . . .     Gourm    .   (shield unavailable)
rNeg     . . .     Faith    .   (armour unavailable)
rPois    .         Spirit   .   (helmet unavailable)
rElec    .         Reflect  .   (cloak unavailable)
rCorr    .         Harm     .   (gloves unavailable)
MR       .....                  (boots unavailable)
Stlth    ++........             (no amulet)
HPRegen  0.03/turn              (ring currently unavailable)
MPRegen  0.10/turn              (ring currently unavailable)

@: pig-form
A: small, no armour, no weapons or thrown items, stealth, see invisible,
carnivore, slow metabolism 1
a: Bend Time, Renounce Religion


You were on level 2 of the Dungeon.
You worshipped Cheibriados.
Cheibriados was noncommittal.
You were completely stuffed.
You were a filthy swine.
You visited 2 branches of the dungeon, and saw 5 of its levels.

Inventory:

Jewellery
 c - a cursed -3 ring of evasion (melded)
Wands
 f - a wand of polymorph (12)
Comestibles
 b - 3 rations


   Skills:
 - Level 2.6 Dodging
 - Level 2.6 Stealth
 + Level 2.3 Spellcasting
 * Level 4.5 Necromancy


You had 4 spell levels left.
You knew the following spells:

 Your Spells              Type           Power        Failure   Level  Hunger
a - Pain                  Necr           ###.         3%          1    #......


Dungeon Overview and Level Annotations

Branches:
Dungeon (4/15)             Temple (1/1) D:4

Altars:
Cheibriados
Dithmenos
Fedhas
Hepliaklqana
Kikubaaqudgha
Makhleb
Qazlal
Ru
Uskayaw
Wu Jian
Yredelemnul


Innate Abilities, Weirdness & Mutations

You cannot wear armour.
You are incapable of wielding weapons or throwing items.
Your paws allow you to move quietly. (Stealth)
((You have sharp claws.))
((You have razor-sharp teeth.))
You have supernaturally acute eyesight. (SInv)
You are carnivorous and can eat meat at any time.
((You cover ground quickly.))
((You are covered in fur. (AC +1)))
You have a slow metabolism.
((Your sharp claws are effective at attacking unaware monsters.))


Message History

Your cursed -3 ring of evasion melds into your body.
The hobgoblin hits you.
* * * LOW HITPOINT WARNING * * *
The jackal bites you.
* * * LOW HITPOINT WARNING * * *
Unknown command.
Unknown command.
The jackal closely misses you. The jackal closely misses you.
The jackal closely misses you.
Unknown command.
You closely miss the jackal. The jackal barely misses you.
Unknown command.
You hit the jackal but do no damage. The jackal completely misses you.
The jackal barely misses you.
Unknown command.
You hit the jackal.
The jackal is lightly wounded.
The jackal bites you.
You die...

......#
##.P.P..#
#..._...#
#..P.P..#
#.......#
#.....#.#
#....#.####
#......)..#
###.#(.##h#
#.#..##h#
#.#.>##g#
#....##.#
###.....#
###......#
#........#
#####.#......#
#........<#..#


You could see a jackal and a hobgoblin.

Vanquished Creatures
  A worm (D:2)
  A leopard gecko (D:1)
  2 orcs (D:3)
  A goblin (D:2)
  2 hobgoblins
  2 kobolds
  A bat (D:2)
  2 rats
12 creatures vanquished.

Notes
Turn   | Place    | Note
-------+----------+-------------------------------------------
     0 | D:1      | 4thArraOfDagon the Felid Necromancer began the quest for the Orb.
     0 | D:1      | Reached XP level 1. HP: 7/7 MP: 4/4
   134 | D:2      | Found a basalt altar of Yredelemnul.
   222 | D:3      | Found a stormy altar of Qazlal.
   226 | D:3      | Found a hide-covered altar of Uskayaw.
   300 | D:3      | Reached XP level 2. HP: 2/11 MP: 3/6
   354 | D:4      | Found a staircase to the Ecumenical Temple.
   362 | Temple   | Entered the Ecumenical Temple
   383 | Temple   | Became a worshipper of Cheibriados the Contemplative
   516 | D:2      | Slain by a jackal

Vault maps used:
D:1:      lightli_arrival_statue_moat, minmay_misc_feat_cross
D:2:      eino_curves_01, yredelemnul_altar_generic, uniq_natasha,
          uniq_crazy_yiuf_cottage
D:3:      minitemple, tso_metal_star
D:4:      grunt_temple_overflow_holy_war, minmay_temple_entry_glassed_door,
          first_ration, palyth_stone_intersect
Temple:   nicolae_temple_god_jail

Action                   || total
-------------------------++-------
Melee: Unarmed           ||    23
 Cast: Pain              ||    24
Evoke: Wand              ||     2
  Use: Scroll            ||     3
       Potion            ||     2
 Stab: Sleeping          ||     1
  Eat: Chunk             ||     7
Armor: Skin              ||    11
Dodge: Dodged            ||    14

Table legend:
 A = Spawn XP
 B = Non-spawn XP
 C = Spawn XP percentage of total XP
 D = Spawn monster count
 E = Non-spawn monster count
 F = Spawn count percentage of total count
 G = Total turns spent on level
                    A         B        C        D         E        F      G
               +---------+---------+-------+---------+---------+-------+---------
         Total |       0 |      27 |   0.0 |       0 |      12 |   0.0 |   516
               +---------+---------+-------+---------+---------+-------+---------
           D:1 |       0 |       6 |   0.0 |       0 |       3 |   0.0 |    87
           D:2 |       0 |      12 |   0.0 |       0 |       5 |   0.0 |   119
           D:3 |       0 |       9 |   0.0 |       0 |       4 |   0.0 |   216
               +---------+---------+-------+---------+---------+-------+---------
